 Dungeon Crawl Stone Soup version 0.17.0-56-gd8de76c (webtiles) character file.

746 dvd the Shield-Bearer (level 8, -7/61 HPs)
             Began as a Formicid Fighter on Dec 6, 2015.
             Was a Follower of Qazlal.
             Hit by a large rock thrown by a cyclops (29 damage)
             ... on level 6 of the Dungeon.
             The game lasted 00:14:44 (5053 turns).

dvd the Shield-Bearer (Formicid Fighter)            Turns: 5053, Time: 00:14:44

Health: -7/61      AC:  7    Str: 29    XL:     8   Next: 5%
Magic:  8/8        EV: 11    Int: 12    God:    Qazlal [*.....]
Gold:   193        SH: 13    Dex: 12    Spells: 0 memorised, 7 levels left

rFire  . . .     SeeInvis +     a - +0 war axe
rCold  . . .     Clarity  .     A - +4 ring mail
rNeg   . . .     SustAt   .     z - +0 shield
rPois  .         Gourm    .     (helmet unavailable)
rElec  .         Spirit   .     (no cloak)
rCorr  .         Warding  .     (no gloves)
rMut   .         Stasis   +     (no boots)
MR     .....                    (no amulet)
Stlth  +.........               E - +3 ring of strength
                                u - +4 ring of intelligence (curse)

@: mighty, not resistant to hostile enchantments, very unstealthy
A: permanent stasis, dig shafts and tunnels, four strong arms, antennae 3,
deformed body, regeneration 1, screaming 1
a: Dig, Shaft Self, Renounce Religion


You were on level 6 of the Dungeon.
You worshipped Qazlal.
Qazlal was aware of your devotion.
You were very hungry.

You visited 2 branches of the dungeon, and saw 7 of its levels.

You collected 193 gold pieces.

Inventory:

Hand Weapons
 a - a +0 war axe (weapon)
 b - a +0 mace of crushing
 c - a +0 hunting sling
Missiles
 p - 7 tomahawks (quivered)
 w - 62 sling bullets
Armour
 m - a +0 chain mail
 n - a +0 scale mail
 z - a +0 shield (worn)
 A - a +4 ring mail (worn)
 C - a +2 leather armour of positive energy
Jewellery
 r - a +2 ring of protection
 u - a cursed +4 ring of intelligence (left hand)
 E - a +3 ring of strength (right hand)
Scrolls
 f - 5 scrolls of remove curse {unknown}
 g - 7 scrolls of identify {unknown}
 j - 3 scrolls of fog {unknown}
 k - a scroll of recharging {unknown}
 o - 5 scrolls of teleportation {unknown}
 q - 3 scrolls of immolation {unknown}
 v - 3 scrolls of enchant weapon {unknown}
 x - a scroll of noise {unknown}
 y - 2 scrolls of enchant armour {unknown}
 F - a scroll of fear {unknown}
 G - a scroll of amnesia {unknown}
Potions
 h - a potion of resistance {unknown}
 i - a potion of cancellation {unknown}
 l - a potion of mutation
 t - a potion of haste {unknown}
 B - 2 potions of ambrosia {unknown}
 I - a potion of flight {unknown}
 K - a potion of cure mutation {unknown}
 M - a potion of degeneration {unknown}
Books
 H - a book of Conjurations

   Spells                             Type                      Level
   a - Magic Dart                     Conjuration                  1
   b - Searing Ray                    Conjuration                  2
   c - Dazzling Spray                 Conjuration/Hexes            3
   d - Fulminant Prism                Conjuration/Hexes            4
   e - Iskenderun's Mystic Blast      Conjuration                  4
   f - Iskenderun's Battlesphere      Conjuration/Charms           5
Comestibles
 e - 3 bread rations
 D - a beef jerky
 J - a meat ration


   Skills:
 + Level 4.4 Fighting
 + Level 2.4(2.9) Axes
 + Level 2.2(2.7) Maces & Flails
 + Level 6.2 Armour
 + Level 2.6 Dodging
 - Level 1.0 Stealth
 + Level 6.2 Shields


You had 7 spell levels left.
You didn't know any spells.

Dungeon Overview and Level Annotations

Branches:
Dungeon (6/15)             Temple (1/1) D:5

Altars:
Cheibriados
Elyvilon
Fedhas
Kikubaaqudgha
Nemelex Xobeh
Okawaru
Qazlal
Ru
Trog
Vehumet
Yredelemnul
Zin
The Shining One


Innate Abilities, Weirdness & Mutations

You are under a permanent stasis effect.
You can dig through walls and to a lower floor.
Your four strong arms can wield two-handed weapons with a shield.
You have a pair of large antennae on your head (SInv).
Armour fits poorly on your strangely shaped body.
Your natural rate of healing is unusually fast.
You occasionally shout uncontrollably at your foes.


Message History

Qazlal accepts your kill.
You barely miss the orc wizard. You slash the adder!
You kill the adder!
Qazlal accepts your kill.
You have reached level 8!
You feel stronger. You block the orc wizard's attack.
The cyclops throws a large rock.
The large rock hits you!!
Ouch! That really hurt!
You slice the orc wizard!!
You kill the orc wizard!
Qazlal accepts your kill.
You hit the shadow imp.
The shadow imp is heavily wounded.
The shadow imp closely misses you.
You slash the shadow imp!
You kill the shadow imp!
Qazlal accepts your kill.
The cyclops throws a large rock.
The large rock hits you!!
You die...

.## # ..# .. #..
#. #.# .. #.. ..
####.##.###..#
.....o).ยง....# #
### #@# #..## ..
#..##)#......
.##.#...#C.......
..S.$...(........
.#....<.........
..............#..
...........<### #
#.###...#...... #
....#.#....


You could see a cyclops and an orc.

Vanquished Creatures
  A necrophage (D:5)
  An ogre (D:6)
  A sky beast (D:4)
  A centaur (D:6)
  A crimson imp (D:5)
  Jessica (D:2)
  An iguana (D:4)
  2 orc priests
  2 orc wizards
  2 worker ants
  5 adders
  A gnoll (D:1)
  A shadow imp (D:6)
  2 oozes
  An adder skeleton (D:5)
  2 worms
  12 orcs
  A giant cockroach (D:3)
  9 hobgoblins
  6 jackals
  3 quokkas
  9 bats
  5 giant geckos
  A giant gecko skeleton (D:4)
  2 giant newts
  3 goblins
  11 kobolds
  12 rats
99 creatures vanquished.

Notes
Turn   | Place    | Note
--------------------------------------------------------------
     0 | D:1      | dvd the Formicid Fighter began the quest for the Orb.
     0 | D:1      | Reached XP level 1. HP: 18/18 MP: 1/1
    96 | D:1      | Reached XP level 2. HP: 16/24 MP: 2/2
   411 | D:1      | Reached XP level 3. HP: 27/29 MP: 3/3
   619 | D:1      | Reached skill level 4 in Shields
   834 | D:2      | Noticed Jessica
   840 | D:2      | Killed Jessica
   840 | D:2      | Reached skill level 1 in Dodging
   840 | D:2      | Reached XP level 4. HP: 12/36 MP: 4/4
  1955 | D:3      | Reached XP level 5. HP: 36/42 MP: 5/5
  2255 | D:3      | Found a basalt altar of Yredelemnul.
  2786 | D:4      | Found a stormy altar of Qazlal.
  2791 | D:4      | Became a worshipper of Qazlal Stormbringer
  2804 | D:4      | Noticed a sky beast
  2824 | D:4      | Killed a sky beast
  2824 | D:4      | Reached skill level 1 in Maces & Flails
  2824 | D:4      | Reached skill level 5 in Armour
  2824 | D:4      | Reached skill level 5 in Shields
  2824 | D:4      | Reached XP level 6. HP: 25/48 MP: 6/6
  3142 | D:4      | Found a blossoming altar of Fedhas.
  3144 | D:4      | Found an ancient bone altar of Kikubaaqudgha.
  3269 | D:4      | Found a snail-covered altar of Cheibriados.
  3707 | D:5      | Entered Level 5 of the Dungeon
  3896 | D:5      | Found an iron altar of Okawaru.
  4302 | D:5      | Reached skill level 1 in Stealth
  4302 | D:5      | Reached XP level 7. HP: 54/54 MP: 7/7
  4394 | D:5      | Found a staircase to the Ecumenical Temple.
  4436 | D:5      | Gained mutation: Armour fits poorly on your strangely shaped body. [potion of mutation]
  4436 | D:5      | Gained mutation: You occasionally shout uncontrollably at your foes. [potion of mutation]
  4436 | D:5      | Gained mutation: Your natural rate of healing is unusually fast. [potion of mutation]
  4462 | D:5      | Reached * piety under Qazlal
  4734 | Temple   | Entered the Ecumenical Temple
  5036 | D:6      | Noticed a cyclops
  5047 | D:6      | Reached skill level 6 in Shields
  5051 | D:6      | Reached XP level 8. HP: 54/61 MP: 8/8
  5053 | D:6      | Hit by a large rock thrown by a cyclops

Action                   |  1- 3 |  4- 6 |  7- 9 || total
-------------------------+-------+-------+-------++-------
Melee: War axe           |    91 |     5 |    25 ||   121
       Mace              |    14 |   169 |    50 ||   233
Throw: Tomahawk          |       |     1 |       ||     1
 Abil: Dig               |       |     6 |     1 ||     7
  Use: Potion            |       |       |     4 ||     4
  Eat: Chunk             |       |    11 |     2 ||    13
